[Event "Team 45 45 League T46"]
[Site "Internet Chess Club"]
[Date "2010.09.03"]
[Round "5"]
[White "Mark-SF"]
[Black "Whalen"]
[Result "1-0"]
[WhiteElo "1732"]
[BlackElo "1568"]
[Opening "Benkö gambit accepted"]
[ECO "A58"]
[Time "11:00:10"]
[TimeControl "2700+45"]

1. d4 Nf6 2. c4 c5 3. d5 b5 4. cxb5 a6 5. bxa6 Bxa6 6. Nc3 g6 7. Nf3 d6 8. e4
Bxf1 9. Kxf1 Nbd7 10. Bg5 Bg7 11. g3 O-O 12. Kg2 Qb6 13. Qe2 Rfb8 14. Rab1 h6
15. Bd2 Ng4 16. h3 Nge5 17. Nxe5 Nxe5 18. b3 Qa6 19. Qxa6 Rxa6 20. a4 Nd3 21.
Rhd1 h5 22. Nb5 Ne5 23. f4 Nd7 24. Rbc1 Rc8 25. Rc2 Nf6 26. Kf3 Ne8 27. Bc3 Nc7
28. Bxg7 Kxg7 29. Na3 Rb8 30. Rc3 Rab6 31. Rdd3 Kf6 32. Nc4 Rb4 33. e5+ dxe5 34.
Nxe5 Kg7 35. Nc6 Nxd5 36. Rxd5 Rxb3 37. Rxc5 Rxc3+ 38. Rxc3 Rc8 39. a5 {Black
resigns} 1-0

[Event "Team 45 45 League T46"]
[Site "Internet Chess Club"]
[Date "2010.09.02"]
[Round "5"]
[White "slipkid"]
[Black "rom1"]
[Result "1-0"]
[WhiteElo "1635"]
[BlackElo "1471"]
[Opening "Alekhine's defense: modern variation, 4...Bg4"]
[ECO "B05"]
[Time "14:00:17"]
[TimeControl "2700+45"]

1. e4 Nf6 2. e5 Nd5 3. d4 d6 4. Nf3 Bg4 5. Be2 e6 6. c4 Nb6 7. Nc3 dxe5 8. dxe5
N8d7 9. O-O Be7 10. Re1 O-O 11. b3 a6 12. Bb2 c6 13. Qc2 Qc7 14. Rad1 Rad8 15.
Ne4 Bf5 16. Bd3 Bb4 17. Re3 h6 18. Ng3 Bxd3 19. Rexd3 Nc5 20. Rxd8 Rxd8 21. a3
Rxd1+ 22. Qxd1 Ba5 23. Qc2 Qd7 24. b4 Qd3 25. Qxd3 Nxd3 26. bxa5 Nxb2 27. axb6
Nxc4 28. Ne4 Nxa3 29. Nfd2 Nb5 30. Nc5 a5 31. Nxb7 a4 32. Nc5 a3 33. b7 a2 34.
Ndb3 Nd4 35. b8=Q+ Kh7 36. Qa8 Ne2+ 37. Kf1 {Black resigns} 1-0

[Event "Team 45 45 League T46"]
[Site "Internet Chess Club"]
[Date "2010.09.04"]
[Round "5"]
[White "DTK"]
[Black "Geeloo"]
[Result "1-0"]
[WhiteElo "2199"]
[BlackElo "2092"]
[Opening "Ruy Lopez: Schliemann defense, Berger variation"]
[ECO "C63"]
[Time "12:01:40"]
[TimeControl "2700+45"]

1. e4 e5 2. Nf3 Nc6 3. Bb5 f5 4. Nc3 fxe4 5. Nxe4 d5 6. Nxe5 dxe4 7. Nxc6 Qg5 8.
Qe2 Nf6 9. f4 Qxf4 10. Ne5+ c6 11. d4 Qh4+ 12. g3 Qh3 13. Bc4 Be6 14. Bf4 O-O-O
15. O-O-O Bd6 16. Kb1 Rhe8 17. Rhf1 h6 18. a4 Bc7 19. a5 Bxc4 20. Qxc4 Qe6 21.
a6 Rd5 22. axb7+ Kxb7 23. Qb3+ Bb6 24. Nc4 Qd7 25. c3 Qe6 26. Kc2 g5 27. Be5 Ng4
28. Ra1 Rxe5 29. Rxa7+ Kc8 30. Qxb6 {Black resigns} 1-0

[Event "Team 45 45 League T46"]
[Site "Internet Chess Club"]
[Date "2010.09.05"]
[Round "5"]
[White "perikitosax"]
[Black "bobhill"]
[Result "1-0"]
[WhiteElo "2000"]
[BlackElo "2007"]
[Opening "QGD: classical variation (5.Bf4)"]
[ECO "D37"]
[Time "14:02:13"]
[TimeControl "2700+45"]

1. d4 d5 2. Nf3 Nf6 3. c4 e6 4. Nc3 Be7 5. Bf4 O-O 6. e3 b6 7. cxd5 exd5 8. Bd3
Na6 9. a3 c5 10. Ne5 Nc7 11. Nc6 Qd7 12. Nxe7+ Qxe7 13. O-O cxd4 14. exd4 Ba6
15. Bxa6 Nxa6 16. Bg5 Nc7 17. Qf3 Rad8 18. Rfe1 Qd6 19. Bxf6 gxf6 20. Re3 Ne6
21. Qxf6 Ng7 22. Qxd6 Rxd6 23. Re5 Rfd8 24. g3 Ne6 25. Rd1 a6 26. f4 f6 27. Re3
Kf7 28. f5 Ng7 29. g4 h5 30. h3 Rg8 31. Kf2 hxg4 32. hxg4 Rh8 33. Kg3 Rg8 34.
Kf4 Rh8 35. Rde1 Rh2 36. R1e2 Rh1 37. Re7+ Kf8 38. Ra7 Rf1+ 39. Kg3 Rg1+ 40. Kf3
Rf1+ 41. Kg3 Rg1+ 42. Kh3 Rd8 43. Ree7 Ne8 44. Ne2 Re1 45. Rf7+ Kg8 46. Nf4 Rc8
47. Ng6 Re3+ 48. Kh4 Nc7 49. Rfxc7 Rxc7 50. Rxc7 Rb3 51. Ne7+ Kh8 52. Nxd5 Rxb2
53. Nxf6 Rh2+ 54. Kg5 b5 55. Kg6 {Black resigns} 1-0

[Event "Team 45 45 League T46"]
[Site "Internet Chess Club"]
[Date "2010.09.03"]
[Round "5"]
[White "Beddathanme"]
[Black "bogolijubov"]
[Result "0-1"]
[WhiteElo "1778"]
[BlackElo "1828"]
[Opening "Scandinavian defense"]
[ECO "B01"]
[Time "19:05:09"]
[TimeControl "2700+45"]

1. e4 d5 2. exd5 Nf6 3. Bb5+ Bd7 4. Bc4 Bg4 5. f3 Bc8 6. Nc3 Nbd7 7. Qe2 Nb6 8.
Qd3 g6 9. Nge2 Bg7 10. O-O O-O 11. Ng3 Nxc4 12. Qxc4 e6 13. dxe6 Bxe6 14. Qh4 c6
15. d3 Qb6+ 16. Kh1 Rfe8 17. Rb1 Nd5 18. Nxd5 Bxd5 19. b3 Qa5 20. Bb2 Bxb2 21.
Rxb2 Qc3 22. Rbb1 Qxc2 23. Ne4 Bxe4 24. fxe4 Qxd3 25. Qf6 Qd7 26. Rbd1 Qe6 27.
Qf2 b6 28. Qf3 Rad8 29. Rc1 Rd2 30. e5 c5 31. Qb7 Qd5 32. Qxd5 Rxd5 {White
resigns} 0-1

[Event "Team 45 45 League T46"]
[Site "Internet Chess Club"]
[Date "2010.09.07"]
[Round "5"]
[White "CapitanTrueno"]
[Black "room-matt"]
[Result "1/2-1/2"]
[WhiteElo "1796"]
[BlackElo "1648"]
[Opening "Ruy Lopez: Berlin defense, Beverwijk variation"]
[ECO "C65"]
[Time "07:13:33"]
[TimeControl "2700+45"]

1. e4 e5 2. Nf3 Nc6 3. Bb5 Nf6 4. O-O Bc5 5. d3 d6 6. c3 Bd7 7. Be3 Bxe3 8. fxe3
O-O 9. Nbd2 a6 10. Ba4 b5 11. Bc2 Ng4 12. Qe2 Be6 13. Bb3 Bxb3 14. Nxb3 f5 15.
exf5 Rxf5 16. h3 Nh6 17. e4 Rf4 18. Nh2 Qf6 19. Rxf4 Qxf4 20. Rf1 Qg3 21. Nd2 b4
22. Qf3 Qg5 23. Ng4 Qxd2 24. Nxh6+ gxh6 25. Qf7+ Kh8 26. Qf6+ Kg8 27. Qf7+ Kh8
28. Qf6+ Kg8 29. Qf7+ Kh8 {Game drawn by repetition} 1/2-1/2

[Event "Team 45 45 League T46"]
[Site "Internet Chess Club"]
[Date "2010.09.05"]
[Round "5"]
[White "Ptzz"]
[Black "Stryker672"]
[Result "1/2-1/2"]
[WhiteElo "2075"]
[BlackElo "1975"]
[Opening "Kevitz-Trajkovich defense"]
[ECO "A50"]
[Time "14:04:22"]
[TimeControl "2700+45"]

1. d4 Nf6 2. c4 Nc6 3. Nf3 e6 4. Nc3 Bb4 5. Qc2 O-O 6. Bd2 d6 7. a3 Bxc3 8. Bxc3
Re8 9. Rd1 Qe7 10. b4 e5 11. d5 Nb8 12. e4 Bg4 13. Be2 Nbd7 14. h3 Bh5 15. Nh2
Bxe2 16. Qxe2 Nf8 17. Bd2 Ng6 18. Bg5 h6 19. Bd2 a6 20. O-O Nh7 21. Be3 Qh4 22.
Qg4 Nf6 23. Qxh4 Nxh4 24. f3 a5 25. g3 Ng6 26. Ra1 axb4 27. axb4 Nd7 28. Rfc1
Nb6 29. c5 Rxa1 30. Rxa1 Ra8 31. Rxa8+ Nxa8 32. Nf1 Ne7 33. Nd2 Kf8 34. Nc4 Nc8
35. Kf2 Ke7 36. f4 f6 37. Kf3 Kf7 38. f5 b6 39. c6 Ne7 40. b5 Nc8 41. Kg4 Kg8
42. Kh5 Kh7 43. h4 Na7 44. Na3 Nc8 45. g4 Ne7 46. g5 hxg5 47. hxg5 Kg8 48. Nc4
Kf7 49. gxf6 gxf6 50. Bf2 Nc8 51. Bh4 Na7 52. Na3 Kg7 53. Kg4 Kf7 54. Kf3 Nc8
55. Ke3 Ne7 56. Nc2 Nc8 57. Kd3 Na7 58. Kc4 Nc8 59. Ne3 Ne7 60. Ng4 Ng8 61. Kd3
Kg7 62. Ke3 Kf7 63. Kf3 Kg7 64. Ne3 Nh6 65. Ng4 Ng8 66. Bxf6+ Nxf6 67. Nxf6 Kxf6
68. Kg4 Kf7 69. Kg5 Kg7 70. f6+ Kf8 71. Kg4 Kg8 72. Kh5 Kf7 73. Kg5 Kf8 74. Kg6
Kg8 75. Kf5 Kf7 76. Kg5 Kf8 {Game drawn by repetition} 1/2-1/2

[Event "Team 45 45 League T46"]
[Site "Internet Chess Club"]
[Date "2010.09.04"]
[Round "5"]
[White "screamingeagle"]
[Black "Jack-ONeill"]
[Result "0-1"]
[WhiteElo "1998"]
[BlackElo "2060"]
[Opening "Scandinavian (center counter) defense"]
[ECO "B01"]
[Time "09:04:27"]
[TimeControl "2700+45"]

1. e4 d5 2. exd5 Qxd5 3. Nc3 Qa5 4. Bc4 Nf6 5. Nf3 Bg4 6. O-O c6 7. Qe2 Qh5 8.
d4 e6 9. Bf4 Be7 10. Rad1 Bxf3 11. gxf3 O-O 12. Bb3 Nbd7 13. d5 cxd5 14. Nxd5
Nxd5 15. Bxd5 Bg5 16. Bd6 exd5 17. Rxd5 Nf6 18. Rb5 Rfe8 19. Qd3 Qh6 20. Rxb7
Rad8 21. Rd1 Rxd6 {White resigns} 0-1

[Event "Team 45 45 League T46"]
[Site "Internet Chess Club"]
[Date "2010.09.05"]
[Round "5"]
[White "Zumbi"]
[Black "alexdb"]
[Result "1-0"]
[WhiteElo "2011"]
[BlackElo "1949"]
[Opening "Ruy Lopez: exchange, Gligoric variation"]
[ECO "C69"]
[Time "16:19:18"]
[TimeControl "2700+45"]

1. e4 e5 2. Nf3 Nc6 3. Bb5 a6 4. Bxc6 dxc6 5. O-O f6 6. d4 exd4 7. Nxd4 Bd6 8.
Qh5+ g6 9. Qf3 h5 10. Qc3 Bd7 11. Qb3 Qc8 12. Nd2 c5 13. N4f3 b5 14. e5 fxe5 15.
Nxe5 Bxe5 16. Re1 Bf5 17. Rxe5+ Kf8 18. Nf3 c4 19. Qb4+ Kg7 20. Qc3 {Black
resigns} 1-0

[Event "Team 45 45 League T46"]
[Site "Internet Chess Club"]
[Date "2010.09.04"]
[Round "5"]
[White "Holzschlange"]
[Black "Guoruey"]
[Result "1-0"]
[WhiteElo "1869"]
[BlackElo "1910"]
[Opening "Sicilian: Najdorf, Lipnitzky attack"]
[ECO "B86"]
[Time "19:52:10"]
[TimeControl "2700+45"]

1. e4 c5 2. Nf3 d6 3. d4 cxd4 4. Nxd4 Nf6 5. Nc3 a6 6. Bc4 e6 7. Bb3 Be7 8. g4
Nc6 9. g5 Nxd4 10. Qxd4 Nh5 11. Rg1 b5 12. Be3 Bb7 13. O-O-O Qc7 14. f4 e5 15.
fxe5 dxe5 16. Qd2 O-O 17. g6 Bb4 18. Qe2 Nf6 19. Qg2 Kh8 20. gxf7 g6 21. Bg5 Kg7
22. Qh3 Bxc3 23. Qh6+ {Black resigns} 1-0

[Event "Team 45 45 League T46"]
[Site "Internet Chess Club"]
[Date "2010.09.03"]
[Round "5"]
[White "AntMantis"]
[Black "mickeys"]
[Result "1/2-1/2"]
[WhiteElo "2044"]
[BlackElo "1933"]
[Opening "QGD: classical variation (5.Bf4)"]
[ECO "D37"]
[Time "19:02:44"]
[TimeControl "2700+45"]

1. d4 e6 2. c4 d5 3. Nc3 Nf6 4. Nf3 Be7 5. Bf4 O-O 6. e3 Nbd7 7. Qb3 c6 8. cxd5
Nxd5 9. Nxd5 exd5 10. Bd3 Qa5+ 11. Nd2 Nf6 12. O-O-O b6 13. Kb1 c5 14. dxc5 bxc5
15. Qb5 Qb6 16. Qxb6 axb6 17. Bc7 c4 18. Bc2 b5 19. Nf3 b4 20. h3 Bb7 21. Ka1 b3
22. Bb1 Ra6 23. a3 Bxa3 24. bxa3 c3 25. Bd6 Rxd6 26. Nd4 Rd7 27. Nxb3 Ra8 28.
Ka2 Bc6 29. Rc1 Rda7 30. Rxc3 Rxa3+ 31. Kb2 Bd7 32. Nc5 R3a7 33. Nxd7 Rb7+ 34.
Rb3 Rxd7 {Game drawn by mutual agreement} 1/2-1/2

[Event "Team 45 45 League T46"]
[Site "Internet Chess Club"]
[Date "2010.09.07"]
[Round "5"]
[White "cknights"]
[Black "Karan99"]
[Result "0-1"]
[WhiteElo "1845"]
[BlackElo "1742"]
[Opening "QGD semi-Slav: Meran, Wade variation"]
[ECO "D47"]
[Time "19:00:33"]
[TimeControl "2700+45"]

1. d4 d5 2. c4 c6 3. Nc3 Nf6 4. Nf3 e6 5. e3 Nbd7 6. Bd3 dxc4 7. Bxc4 b5 8. Bd3
Bb7 9. e4 a6 10. O-O c5 11. Be3 b4 12. Na4 cxd4 13. Bxd4 Nxe4 14. Qe2 Nec5 15.
Nxc5 Nxc5 16. Bxc5 Bxc5 17. Rfd1 Qb6 18. Rac1 O-O 19. Ne5 Rad8 20. Qc2 Bd4 21.
Bxh7+ Kh8 22. Ng4 g6 23. Bxg6 fxg6 24. Qxg6 Bxf2+ 25. Kh1 Rxd1+ 26. Rxd1 Bxg2+
27. Kxg2 Qc6+ 28. Kf1 Qh1+ 29. Ke2 Qf3+ 30. Kd2 Rd8+ 31. Kc2 Qxd1# {White
checkmated} 0-1

[Event "Team 45 45 League T46"]
[Site "Internet Chess Club"]
[Date "2010.09.07"]
[Round "5"]
[White "KoalieAwe"]
[Black "pishd"]
[Result "0-1"]
[WhiteElo "1542"]
[BlackElo "1653"]
[Opening "Dutch defense"]
[ECO "A40"]
[Time "10:04:25"]
[TimeControl "2700+45"]

1. d4 e6 2. c4 f5 3. Nf3 Nf6 4. a3 Ne4 5. Nc3 Nxc3 6. bxc3 Be7 7. Bb2 d6 8. e3
Nd7 9. Be2 O-O 10. O-O Kh8 11. Bd3 e5 12. Bc2 e4 13. Nd2 Bg5 14. Nb3 b6 15. d5
Ba6 16. Nd4 Qf6 17. Ne6 Rfc8 18. Bb3 Ne5 19. Qe2 Bh6 20. a4 c6 21. Nf4 Bxf4 22.
exf4 Nd3 {White forfeits on time} 0-1

[Event "Team 45 45 League T46"]
[Site "Internet Chess Club"]
[Date "2010.09.03"]
[Round "5"]
[White "CameronD"]
[Black "dagger132"]
[Result "1-0"]
[WhiteElo "1706"]
[BlackElo "1214"]
[Opening "Old Benoni defense"]
[ECO "A43"]
[Time "19:04:29"]
[TimeControl "2700+45"]

1. d4 c5 2. d5 d6 3. c4 g6 4. Nc3 Bg7 5. e4 Nf6 6. Nf3 Qa5 7. Bd2 Qc7 8. Be2
Nbd7 9. O-O O-O 10. Qc1 b6 11. Bh6 Ba6 12. a4 e6 13. Bxg7 Kxg7 14. Re1 exd5 15.
Nxd5 Nxd5 16. exd5 Rfe8 17. Qc3+ Nf6 18. Bd3 Bb7 19. Ng5 h6 20. Ne4 Qd8 21. Re2
a6 22. Rae1 Rf8 23. Re3 Qe7 24. Rf3 {Black resigns} 1-0

[Event "Team 45 45 League T46"]
[Site "Internet Chess Club"]
[Date "2010.09.03"]
[Round "5"]
[White "Chess2Play"]
[Black "Harmonicus"]
[Result "1/2-1/2"]
[WhiteElo "1679"]
[BlackElo "1900"]
[Opening "Nimzo-Indian: e3, Hübner variation"]
[ECO "E41"]
[Time "23:18:53"]
[TimeControl "2700+45"]

1. d4 Nf6 2. c4 e6 3. Nc3 Bb4 4. e3 c5 5. Bd3 Nc6 6. Nf3 Bxc3+ 7. bxc3 d6 8. e4
e5 9. d5 Na5 10. Bg5 b6 11. O-O Ba6 12. Qa4+ Qd7 13. Qxd7+ Nxd7 14. Nd2 h6 15.
Bh4 g5 16. Bg3 Nf6 17. h3 Ke7 18. Be2 Rag8 19. f3 Nh5 20. Bh2 Nf4 21. Bxf4 gxf4
22. Kh2 Rg5 23. Rg1 Rhg8 24. Rab1 Kd7 25. Ra1 Kc7 26. Rab1 Rh5 27. Bf1 Bc8 28.
g4 fxg3+ 29. Rxg3 Rhg5 30. Rxg5 Rxg5 31. Be2 Rh5 32. Bf1 f5 33. Bg2 Ba6 34. Bf1
Nb7 35. Be2 f4 36. Rg1 Rg5 37. Rxg5 hxg5 38. h4 Kd8 39. hxg5 Ke7 40. Nb1 Kf7 41.
Na3 Kg6 42. Nb5 Bxb5 43. cxb5 Kxg5 44. c4 Kh4 45. Bd3 Nd8 46. Be2 Nf7 47. Bd1
Ng5 48. Kg2 Nh7 49. Be2 Nf6 50. Bd1 Nh5 51. Be2 Ng3 52. Bd3 Nh5 {Game drawn by
mutual agreement} 1/2-1/2

[Event "Team 45 45 League T46"]
[Site "Internet Chess Club"]
[Date "2010.09.03"]
[Round "5"]
[White "Constrictor"]
[Black "RandyPCC"]
[Result "1/2-1/2"]
[WhiteElo "1726"]
[BlackElo "1804"]
[Opening "Queen's pawn game, Darooha variation "]
[ECO "D11"]
[Time "20:30:09"]
[TimeControl "2700+45"]

1. Nf3 d5 2. d4 Nf6 3. c4 c6 4. g3 Bg4 5. Ne5 Bh5 6. Bg2 e6 7. Nd2 Nbd7 8. Ndf3
Be7 9. O-O O-O 10. Qb3 Qb6 11. Nxd7 Nxd7 12. c5 Qxb3 13. axb3 Bf6 14. Bf4 Rfe8
15. e3 Bxf3 16. Bxf3 e5 17. dxe5 Nxe5 18. Bxe5 Bxe5 19. Rab1 Rad8 20. Rfd1 f5
21. b4 Re7 22. Rd3 b6 23. cxb6 axb6 24. b5 c5 25. Rxd5 Rxd5 26. Bxd5+ Kf8 27. b3
g5 28. Kf1 Kg7 29. Ke2 Ra7 30. Kf3 h5 31. h3 Kf6 32. Bc4 Rh7 33. Rd1 h4 34. g4
f4 35. e4 {Game drawn by mutual agreement} 1/2-1/2

[Event "Team 45 45 League T46"]
[Site "Internet Chess Club"]
[Date "2010.09.03"]
[Round "5"]
[White "Nakke"]
[Black "JWB"]
[Result "0-1"]
[WhiteElo "1780"]
[BlackElo "1720"]
[Opening "Neo-Grünfeld, 6.O-O"]
[ECO "D77"]
[Time "10:00:25"]
[TimeControl "2700+45"]

1. Nf3 Nf6 2. d4 g6 3. g3 Bg7 4. Bg2 O-O 5. O-O d5 6. c4 dxc4 7. Ne5 c5 8. e3
Qc7 9. Na3 a6 10. Naxc4 cxd4 11. exd4 Ng4 12. Nxg4 Qxc4 13. Ne5 Qb5 14. a4 Qb4
15. Qd2 Qd6 16. Qc3 Nd7 17. Nxd7 Qxd7 18. Be3 Rb8 19. Bf4 Ra8 20. Be5 Re8 21.
Rfd1 Qe6 22. Bxg7 Kxg7 23. Re1 Qb6 24. a5 Qf6 25. Re5 Rb8 26. Rae1 Bf5 27. Qb4
b6 28. axb6 Rxb6 29. Qc3 Rc8 30. Rc5 Rcb8 31. Re2 e6 32. h3 Rb3 33. Qd2 Rxb2 34.
Qxb2 Rxb2 35. Rxb2 Qxd4 36. Rxf5 Qxb2 37. Ra5 Qb6 38. Ra1 a5 39. Bf3 Qb4 40. Bc6
Qc3 {White resigns} 0-1

[Event "Team 45 45 League T46"]
[Site "Internet Chess Club"]
[Date "2010.09.03"]
[Round "5"]
[White "BotanicalKnight"]
[Black "ticopatzer"]
[Result "1/2-1/2"]
[WhiteElo "1576"]
[BlackElo "1558"]
[Opening "Sicilian: closed, 6.f4"]
[ECO "B25"]
[Time "20:08:04"]
[TimeControl "2700+45"]

1. e4 c5 2. Nc3 Nc6 3. g3 d6 4. d3 g6 5. Bg2 Bg7 6. f4 e6 7. Nf3 Nge7 8. a3 O-O
9. O-O Nd4 10. Ne2 b5 11. c3 Nxf3+ 12. Bxf3 Bb7 13. h3 Qd7 14. g4 d5 15. e5 Nc6
16. b3 d4 17. c4 bxc4 18. bxc4 Rab8 19. Bd2 Qe7 20. Qe1 Ba8 21. Rb1 Rb6 22. Rxb6
axb6 23. Qg3 Qa7 24. Rb1 Rb8 25. Qg2 Qa4 26. Ng3 Ne7 27. Bxa8 Qxa8 28. Bc1 Qxg2+
29. Kxg2 Bh6 30. Ne4 Bg7 31. Nd6 Nc6 32. Bd2 Bf8 33. Ne4 Be7 34. g5 Bd8 35. Nd6
Ra8 36. Bc1 Kf8 37. Kf3 Ke7 38. h4 Ra6 39. Nc8+ {Game drawn by mutual agreement}
1/2-1/2

[Event "Team 45 45 League T46"]
[Site "Internet Chess Club"]
[Date "2010.09.03"]
[Round "5"]
[White "lookatall65sqas"]
[Black "Rapidcitychess"]
[Result "0-1"]
[WhiteElo "1340"]
[BlackElo "1560"]
[Opening "Nimzo-Indian: classical variation"]
[ECO "E32"]
[Time "10:00:19"]
[TimeControl "2700+45"]

1. d4 Nf6 2. c4 e6 3. Nc3 Bb4 4. Qc2 O-O 5. e3 c5 6. Nf3 Nc6 7. Be2 d6 8. O-O
Qc7 9. a3 Bxc3 10. Qxc3 e5 11. d5 Ne7 12. a4 Bd7 13. Rd1 Bf5 14. Nxe5 Ne4 15.
Qb3 dxe5 16. f3 Nd6 17. e4 Bd7 18. Bg5 f6 19. Bh4 Ng6 20. Bf2 Rfc8 21. Rac1 b6
22. Qa2 a5 23. b3 Nf4 24. Rc3 Qd8 25. g3 Nh3+ 26. Kf1 Nxf2 27. Kxf2 Qe7 28. Rcd3
Rf8 29. Bf1 Qf7 30. Bg2 Qe7 31. Qd2 f5 32. Qe2 fxe4 33. Kg1 exf3 34. Bxf3 e4
{White resigns} 0-1

[Event "Team 45 45 League T46"]
[Site "Internet Chess Club"]
[Date "2010.09.07"]
[Round "5"]
[White "GiulioCre"]
[Black "Aquaman"]
[Result "1/2-1/2"]
[WhiteElo "1364"]
[BlackElo "1291"]
[Opening "Queen's pawn game"]
[ECO "A61"]
[Time "15:00:10"]
[TimeControl "2700+45"]

1. d4 Nf6 2. Nf3 e6 3. c4 c5 4. d5 exd5 5. cxd5 d6 6. Nc3 Nbd7 7. e4 Ne5 8. Bb5+
Bd7 9. Bxd7+ Qxd7 10. O-O Be7 11. Nxe5 dxe5 12. Qa4 Qxa4 13. Nxa4 Bd6 14. f3 a6
15. Be3 Nd7 16. Rac1 Rc8 17. f4 b5 18. fxe5 Bxe5 19. Nxc5 Nxc5 20. Bxc5 Bxb2 21.
Rc2 Rxc5 22. Rxb2 f6 23. a4 Kd7 24. axb5 Rxb5 25. Rxb5 axb5 26. Ra1 Kd6 27. Rb1
Rb8 28. Kf2 Ke5 29. Ke3 g5 30. g4 h6 31. Rb4 Rb6 32. h3 Rb7 33. Kf3 Kd6 34. Ke3
Kc5 35. Rb2 b4 36. Rc2+ Kd6 37. Kd4 Rb6 38. Rc6+ Rxc6 39. dxc6 Kxc6 40. Kc4 b3
41. Kxb3 Kd6 42. Kc4 Ke5 43. Kd3 Kf4 44. Kd4 Kg3 45. Kd5 Kxh3 46. Ke6 Kxg4 47.
Kxf6 h5 48. e5 h4 49. e6 h3 50. e7 h2 51. e8=Q h1=Q 52. Qe6+ Kg3 53. Qe3+ Kh2
54. Qf2+ Qg2 55. Qxg2+ Kxg2 56. Kxg5 {Game drawn because neither player has
mating material} 1/2-1/2

[Event "Team 45 45 League T46"]
[Site "Internet Chess Club"]
[Date "2010.09.05"]
[Round "5"]
[White "Whalen"]
[Black "chesskix"]
[Result "1-0"]
[WhiteElo "1578"]
[BlackElo "1424"]
[Opening "Caro-Kann: Panov-Botvinnik attack"]
[ECO "B13"]
[Time "14:00:29"]
[TimeControl "2700+45"]

1. d4 c6 2. e4 d5 3. exd5 cxd5 4. c4 Nf6 5. Nc3 Nc6 6. Nf3 g6 7. Be2 Bg7 8. O-O
O-O 9. h3 a6 10. Bf4 Nh5 11. Bh2 e6 12. Re1 Nf6 13. Rc1 Bd7 14. Ne5 Bh6 15. Rb1
Ne7 16. Qb3 Rb8 17. Nxd7 Qxd7 18. Bxb8 Rxb8 19. cxd5 Nexd5 20. Bxa6 Bf4 21. Bb5
Qc7 22. g3 Bxg3 23. Nxd5 Bh2+ 24. Kg2 Nxd5 25. Rbc1 Qd6 26. Qf3 Bf4 27. Rcd1 Qb4
28. a4 Qxb2 29. Bc4 Bh6 30. Bxd5 exd5 31. Qxd5 Bg7 32. Re7 Rf8 33. Rxb7 Qc2 34.
Re1 Qxa4 35. Re4 Qc2 36. Ree7 Qf5 37. Qxf5 gxf5 38. d5 Bf6 39. Red7 h5 40. Rb4
Be5 41. Rh4 Kg7 42. Rxh5 Kg6 43. Rh4 Rc8 44. Ra4 Rf8 45. Raa7 Bf4 46. Kf3 Be5
47. Ra6+ Kg5 48. Rb7 Rh8 49. Kg2 Rf8 50. Rb4 Rd8 51. Rb5 Bf4 52. Ra7 Kg6 53. Kf3
Bd6 54. Rb6 Kg5 55. Rbb7 Kg6 56. Rxf7 Be5 57. Rfd7 Rb8 58. Ra3 Rh8 59. Kg2 Rb8
60. Rd3 Rb2 61. Rd8 Rb7 62. d6 Rg7 63. d7 Kf6+ 64. Kf3 Bc7 65. Rf8+ Kg6 66. d8=Q
Bxd8 67. Rdxd8 Rh7 68. Kg2 Rg7 69. Rg8 Rxg8 70. Rxg8+ Kf7 71. Rg3 Kf6 72. f4
{Black resigns} 1-0

[Event "Team 45 45 League T46"]
[Site "Internet Chess Club"]
[Date "2010.09.06"]
[Round "5"]
[White "stan-beers"]
[Black "stputte"]
[Result "0-1"]
[WhiteElo "1486"]
[BlackElo "1453"]
[Opening "Réti v Dutch"]
[ECO "A04"]
[Time "11:30:11"]
[TimeControl "2700+45"]

1. Nf3 f5 2. d3 Nf6 3. g3 g6 4. Bg2 Bg7 5. O-O O-O 6. c3 d6 7. Re1 e5 8. e4 fxe4
9. dxe4 Bg4 10. Na3 Kh8 11. Bg5 h6 12. Bd2 a6 13. Qb3 Qc8 14. Nh4 Kh7 15. Qc2
Nbd7 16. Rac1 Nc5 17. Nc4 Bh3 18. Ne3 Bxg2 19. Nexg2 Qd7 20. f3 Rae8 21. Rf1 Ng8
22. Ne3 Bf6 23. Nhg2 Bg5 24. b3 Ne7 25. c4 Ne6 26. Ng4 Bxd2 27. Qxd2 Ng8 28.
Nxe5 Qg7 29. Ng4 Qd4+ 30. Qxd4 Nxd4 31. Nf4 g5 32. Rcd1 Nxf3+ 33. Rxf3 gxf4 34.
Re1 fxg3 35. Rxf8 gxh2+ 36. Kxh2 Rxf8 37. Kg2 Nf6 38. Rf1 Rg8 39. Rxf6 Rxg4+ 40.
Kf3 Rg7 41. Rf4 b6 42. a4 a5 43. Rf5 Kg6 44. Kg4 Re7 45. Kf4 Rf7 46. Kg4 Rxf5
47. exf5+ Kf6 48. Kh5 Kxf5 49. Kxh6 Ke5 50. Kg6 Kd4 51. Kf5 Kc3 52. Ke4 Kxb3 53.
Kd3 Kxa4 54. Kc3 b5 55. cxb5 Kxb5 56. Kb3 c5 {White resigns} 0-1

[Event "Team 45 45 League T46"]
[Site "Internet Chess Club"]
[Date "2010.09.02"]
[Round "5"]
[White "kingsrook"]
[Black "PsyMar"]
[Result "0-1"]
[WhiteElo "1221"]
[BlackElo "1218"]
[Opening "King's Indian: London system"]
[ECO "A48"]
[Time "19:01:02"]
[TimeControl "2700+45"]

1. d4 Nf6 2. Nf3 g6 3. Bf4 Bg7 4. h3 O-O 5. e3 d6 6. Bd3 c5 7. c3 Qb6 8. Qc1 Nc6
9. O-O Nd5 10. Bh2 e5 11. Bc4 Be6 12. dxe5 Nxe5 13. Nxe5 Bxe5 14. Bxe5 dxe5 15.
e4 Nf4 {White resigns} 0-1

[Event "Team 45 45 League T46"]
[Site "Internet Chess Club"]
[Date "2010.09.02"]
[Round "5"]
[White "Grenadier"]
[Black "az2112"]
[Result "1-0"]
[WhiteElo "1765"]
[BlackElo "1735"]
[Opening "Ruy Lopez: closed, Pilnik variation"]
[ECO "C90"]
[Time "20:07:16"]
[TimeControl "2700+45"]

1. e4 e5 2. Nf3 Nc6 3. Bb5 a6 4. Ba4 Nf6 5. O-O Be7 6. Re1 b5 7. Bb3 d6 8. c3
O-O 9. d3 Na5 10. Bc2 c5 11. Bg5 Nc6 12. Nbd2 Be6 13. Bb3 Nd7 14. Bxe6 fxe6 15.
Bxe7 Qxe7 16. Nf1 d5 17. d4 dxe4 18. Rxe4 Nf6 19. Re2 exd4 20. cxd4 Rad8 21. Qb3
Nxd4 22. Nxd4 Rxd4 23. Rxe6 Qf7 24. Rxa6 Qxb3 25. axb3 Ne4 26. f3 Nd2 27. Nxd2
Rxd2 28. Rb6 b4 29. Rc6 Rxb2 30. Rxc5 Rxb3 31. Ra4 Rb2 32. Rb5 Rc8 33. h4 b3 34.
Kh2 h6 35. Rb7 Rcc2 36. Rg4 g5 37. hxg5 h5 38. Re4 Rxg2+ 39. Kh3 Rh2+ 40. Kg3
Rbg2+ 41. Kf4 Rh4+ 42. Kf5 Rxe4 43. fxe4 h4 44. Rxb3 Rg3 45. Rb7 h3 46. Kg6 Kf8
47. e5 h2 48. Rh7 Re3 49. Rxh2 Rxe5 50. Kf6 {Black resigns} 1-0

[Event "Team 45 45 League T46"]
[Site "Internet Chess Club"]
[Date "2010.09.05"]
[Round "5"]
[White "daniguti"]
[Black "GoIrish"]
[Result "1-0"]
[WhiteElo "1574"]
[BlackElo "1531"]
[Opening "Alekhine's defense: exchange variation"]
[ECO "B03"]
[Time "21:01:14"]
[TimeControl "2700+45"]

1. e4 Nf6 2. e5 Nd5 3. d4 d6 4. c4 Nb6 5. exd6 cxd6 6. Nc3 g6 7. Be3 Bg7 8. Rc1
O-O 9. b3 Nc6 10. d5 Ne5 11. Be2 a5 12. Nf3 Ng4 13. Bd4 Nf6 14. O-O Bd7 15. Re1
a4 16. b4 a3 17. Qd2 Bg4 18. Qe3 Bd7 19. Bxb6 Ng4 20. Bxd8 Nxe3 21. Bxe7 Rfc8
22. fxe3 Re8 23. Bxd6 Rxe3 24. Nb5 Bxb5 25. cxb5 Rd8 26. Bc5 Ree8 27. Bc4 {Black
resigns} 1-0

[Event "Team 45 45 League T46"]
[Site "Internet Chess Club"]
[Date "2010.09.04"]
[Round "5"]
[White "Esslinger"]
[Black "P-K4"]
[Result "0-1"]
[WhiteElo "1380"]
[BlackElo "1444"]
[Opening "Queen's pawn game"]
[ECO "E20"]
[Time "14:10:50"]
[TimeControl "2700+45"]

1. d4 Nf6 2. c4 e6 3. Nc3 c5 4. e3 d5 5. dxc5 Bxc5 6. Nf3 O-O 7. Be2 Nc6 8. O-O
dxc4 9. Bxc4 Qe7 10. a3 a6 11. Qc2 b5 12. Be2 Bb7 13. b4 Ba7 14. Bb2 Rac8 15.
Qb3 Rfd8 16. Rfd1 Nd7 17. Rd2 Nde5 18. Rad1 Nxf3+ 19. Bxf3 Rxd2 20. Rxd2 Nd4 21.
exd4 Bxf3 22. Rd3 Bb7 23. d5 exd5 24. h3 Qe1+ 25. Kh2 Bb8+ 26. Rg3 Bxg3+ 27.
fxg3 d4 28. Na2 Qe2 {White resigns} 0-1